 Dungeon Crawl Stone Soup version 0.21.1-1-g345015fe64 (webtiles) character file.

942 Lavandula the Digger (level 8, -1/57 HPs)
             Began as a Barachi Earth Elementalist on July 27, 2018.
             Was a Follower of Cheibriados.
             Slain by a centaur (5 damage)
             ... on level 6 of the Dungeon.
             The game lasted 00:13:05 (2100 turns).

Lavandula the Digger (Barachi Earth Elementalist)   Turns: 2100, Time: 00:13:05

Health: -1/57      AC:  1    Str: 16 (17) XL:     8   Next: 12%
Magic:  0/14       EV: 12    Int: 18 (21) God:    Cheibriados [*.....]
Gold:   151        SH:  0    Dex:  9 (11) Spells: 2/15 levels left

rFire    . . .     SeeInvis .   o - +0 dagger (curse)
rCold    . . .     Gourm    .   (no shield)
rNeg     . . .     Faith    .   c - +0 robe
rPois    .         Spirit   .   g - -2 helmet "Pubegrue" {rElec Regen+ Int+2 Dex-4} (curse)
rElec    +         Reflect  .   (no cloak)
rCorr    .         Harm     .   (no gloves)
MR       .....                  (no boots)
Stlth    ++........             (no amulet)
HPRegen  0.59/turn              (no ring)
MPRegen  0.14/turn              (no ring)

@: mighty, very slightly contaminated, very slow
A: +LOS, swims, slowness 1, strong legs 1
a: Hop, Bend Time, Renounce Religion


You were on level 6 of the Dungeon.
You worshipped Cheibriados.
Cheibriados was aware of your devotion.
You were not hungry.

You visited 2 branches of the dungeon, and saw 7 of its levels.

You collected 151 gold pieces.

Inventory:

Hand Weapons
 h - a +0 short sword
 o - a cursed +0 dagger (weapon)
 q - the +9 staff of Olgreb {rPois}
   (You found it on level 4 of the Dungeon)

   It protects you from poison.
Missiles
 b - 21 stones (quivered)
Armour
 c - a +0 robe (worn)
 g - the cursed -2 helmet "Pubegrue" (worn) {rElec Regen+ Int+2 Dex-4}
   (You found it on level 5 of the Dungeon)

   It affects your intelligence (+2).
   It affects your dexterity (-4).
   It insulates you from electricity.
   It increases your rate of regeneration.
   It has a curse placed upon it.
 i - a +0 leather armour of fire resistance
 j - a +0 ring mail
 m - a +0 helmet
 n - a +0 chain mail
Jewellery
 p - an uncursed ring of flight {unknown}
Wands
 t - a wand of digging (5)
Scrolls
 a - a scroll of fog
 l - a scroll of amnesia
 s - a scroll of teleportation
Potions
 f - a potion of berserk rage
 k - 3 potions of might
Books
 e - a book of Geomancy

   Spells                             Type                      Level
   a - Sandblast                      Earth                        1
   b - Passwall                       Transmutation/Earth          2
   c - Stone Arrow                    Conjuration/Earth            3
   d - Petrify                        Transmutation/Earth          4
   e - Lee's Rapid Deconstruction     Earth                        5
Comestibles
 d - 8 rations
 u - a chunk of flesh


   Skills:
 + Level 2.7 Fighting
 - Level 4.0 Short Blades
 - Level 4.2 Staves
 - Level 2.1 Dodging
 - Level 1.7 Stealth
 - Level 4.4 Spellcasting
 - Level 1.1 Transmutations
 - Level 6.0 Earth Magic


You had 2 spell levels left.
You knew the following spells:

 Your Spells              Type           Power        Failure   Level  Hunger
a - Sandblast             Erth           ####..       1%          1    None
b - Stone Arrow           Conj/Erth      ##....       12%         3    ###....
c - Petrify               Tmut/Erth      ###.....     32%         4    ####...
d - Lee's Rapid Deconstr  Erth           ####......   32%         5    ######.


Dungeon Overview and Level Annotations

Branches:
Dungeon (6/15)             Temple (1/1) D:4

Altars:
Ashenzari
Cheibriados
Dithmenos
Kikubaaqudgha
Makhleb
Qazlal
Wu Jian
Xom
Yredelemnul

Annotations:
D:3 advs0220's ghost, weakling DsBe
D:4 Edmund
D:5 Duvessa


Innate Abilities, Weirdness & Mutations

Shadows flee at your approach. (+LOS)
You can swim through water.
You cover ground slowly.
You can hop short distances.


Message History

* * * LOW HITPOINT WARNING * * *
Evoke which item? (* to show all) (? for menu, Esc to quit)
Okay, then.
You feel very mighty all of a sudden. The centaur closely misses you.
The centaur hits you!
* * * LOW HITPOINT WARNING * * *
It was a potion of degeneration.
There was something very wrong with that liquid.
You feel weakened.
You feel dopey.
You feel clumsy. The centaur hits you.
* * * LOW HITPOINT WARNING * * *
Evoke which item? (* to show all) (? for menu, Esc to quit)
Okay, then.
You barely miss the centaur.
The centaur is heavily wounded.
The centaur closely misses you.
You hit the centaur but do no damage.
The centaur is heavily wounded.
The centaur hits you.
You die...

##.#######.###
#.............
##.###........ ###
#........ #.......>
#........
#.##.############........
.....(.c.......##........
###.###@##.##.##........
#.##.##.##........
#.##.##.######...#
#.##.##.# #...#
#.##.##.######...#
#.......##......>.
####.....รท........
#...>.####........ #.###.
#####...#


You could see a centaur.

Vanquished Creatures
  Prince Ribbit (D:5)
  An ice beast (D:5)
  An ogre (D:4)
  A centaur (D:5)
  A bullfrog (D:6)
  A crimson imp (D:5)
  A bullfrog skeleton (D:5)
  A hound (D:4)
  An orc wizard (D:5)
  A centaur skeleton (D:5)
  Ijyb (D:4)
  4 worker ants
  A hound skeleton (D:4)
  6 adders
  A shadow imp (D:6)
  2 oozes
  An adder skeleton (D:4)
  3 dart slugs
  6 leopard geckos
  10 orcs
  A ball python (D:4)
  2 bats
  4 giant cockroaches (D:2)
  8 hobgoblins
  2 jackals (D:4)
  2 frilled lizards (D:2)
  2 goblins
  2 kobolds
  3 rats
71 creatures vanquished.

Notes
Turn   | Place    | Note
-------+----------+-------------------------------------------
     0 | D:1      | Lavandula the Barachi Earth Elementalist began the quest for the Orb.
     0 | D:1      | Reached XP level 1. HP: 13/13 MP: 3/3
    94 | D:1      | Reached XP level 2. HP: 10/19 MP: 2/5
   254 | D:2      | Reached XP level 3. HP: 21/24 MP: 5/8
   259 | D:2      | Learned a level 3 spell: Stone Arrow
   411 | D:2      | Reached XP level 4. HP: 22/30 MP: 0/10
   465 | D:3      | Found an ancient bone altar of Kikubaaqudgha.
   479 | D:3      | Noticed advs0220's ghost (weakling DsBe)
   635 | D:4      | Found the +9 staff of Olgreb {rPois}
   706 | D:4      | Noticed an ogre
   713 | D:4      | Killed an ogre
   713 | D:4      | Reached XP level 5. HP: 35/35 MP: 3/11
   807 | D:5      | Entered Level 5 of the Dungeon
   952 | D:4      | Learned a level 4 spell: Petrify
   977 | D:4      | Noticed Ijyb
  1021 | D:4      | Killed Ijyb
  1021 | D:4      | Reached XP level 6. HP: 28/41 MP: 0/12
  1039 | D:4      | Found a staircase to the Ecumenical Temple.
  1047 | Temple   | Entered the Ecumenical Temple
  1071 | Temple   | Became a worshipper of Cheibriados the Contemplative
  1103 | D:4      | Noticed Edmund
  1322 | D:4      | Found a stormy altar of Qazlal.
  1340 | D:5      | Noticed an ice beast
  1499 | D:5      | Reached skill level 4 in Earth Magic
  1549 | D:5      | Noticed Prince Ribbit
  1562 | D:5      | Killed Prince Ribbit
  1562 | D:5      | Reached skill level 5 in Earth Magic
  1562 | D:5      | Reached XP level 7. HP: 11/46 MP: 0/13
  1746 | D:5      | Learned a level 5 spell: Lee's Rapid Deconstruction
  1770 | D:5      | Reached skill level 6 in Earth Magic
  1793 | D:5      | Reached skill level 1 in Short Blades
  1830 | D:5      | Got a slimy helmet
  1841 | D:5      | Identified the cursed -2 helmet "Pubegrue" {rElec Regen+ Int+2 Dex-4} (You found it on level 5 of the Dungeon)
  1921 | D:5      | Reached * piety under Cheibriados
  1932 | D:5      | Noticed Duvessa
  1934 | D:5      | Reached skill level 1 in Fighting
  1934 | D:5      | Reached XP level 8. HP: 54/54 MP: 1/14
  2100 | D:6      | Slain by a centaur

Skill      XL: |  1  2  3  4  5  6  7  8 |
---------------+-------------------------+-----
Spellcasting   | 3 4 |  4.4
Staves         | 3 4 |  4.2
Earth Magic    | 5 6 |  6.0
Short Blades   | 4 |  4.0
Fighting       | 1 2 |  2.7
Dodging        | |  2.1
Stealth        | |  1.7
Transmutations | |  1.1

Action                   |  1- 3 |  4- 6 |  7- 9 || total
-------------------------+-------+-------+-------++-------
Melee: Short sword       |    31 |       |       ||    31
       Dagger            |       |    46 |    13 ||    59
 Cast: Sandblast         |    32 |    65 |    17 ||   114
       Stone Arrow       |     1 |    12 |    16 ||    29
       Lee's Rapid Decon |       |       |     1 ||     1
 Abil: Hop               |     2 |     3 |     3 ||     8
  Use: Scroll            |       |     7 |     1 ||     8
       Potion            |       |       |     6 ||     6
 Stab: Sleeping          |     2 |     2 |       ||     4
  Eat: Chunk             |       |     4 |     3 ||     7
Armor: Robe              |     8 |    27 |     6 ||    41
Dodge: Dodged            |    29 |    61 |    24 ||   114
